[Event "Titled Tuesday Blitz June 20 Late 2023"]
[White "Rastbod, Ali"]
[Black "Karamsetty, Jeevan"]
[WhiteFideId "12567477"]
[BlackFideId "2025337"]
[WhiteElo "2281"]
[BlackElo "2131"]
[Result "1-0"]
[Round "9"]
[TimeControl "180+2"]
[Date "2023.06.20"]
[WhiteClock "0:00:24"]
[BlackClock "0:00:02"]
[Board "40"]

1. d4 d6 2. e4 g6 3. Nf3 Nf6 4. Nc3 Bg7 5. Be2 O-O 6. O-O Nc6 7. d5 Nb8 8. a4 e5 9. dxe6 Bxe6 10. a5 Nc6 11. a6 bxa6 12. Bxa6 Nh5 13. Bb7 Ne5 14. Bxa8 Bg4 15. Bd5 Bxf3 16. gxf3 Qh4 17. Ra3 c6 18. Ba2 Qh3 19. Na4 Qh4 20. f4 Ng4 21. h3 Nhf6 22. Qf3 Nh6 23. Qg3 Qh5 24. Qg5 Qe2 25. Re3 Qxc2 26. Bb3 Qb1 27. Bd2 Nxe4 28. Rxb1 Nxg5 29. fxg5 Nf5 30. Rd3 Rb8 31. Bc2 d5 32. b4 Nd4 33. Bd1 a5 34. Bc3 c5 35. Nxc5 Nb5 36. Bxg7 Kxg7 37. bxa5 d4 38. a6 1-0


[Site "https://www.chess.com"]

[Event "Titled Tuesday Blitz June 20 Late 2023"]
[White "Ganiev, Roman"]
[Black "Suarez Uriel, Adrian"]
[WhiteFideId "4131452"]
[BlackFideId "22230874"]
[WhiteElo "2668"]
[BlackElo "2331"]
[Result "1/2-1/2"]
[Round "9"]
[TimeControl "180+2"]
[Date "2023.06.20"]
[WhiteClock "0:00:09"]
[BlackClock "0:00:55"]
[Board "41"]

1. e4 c5 2. Nf3 Nc6 3. Bb5 g6 4. c3 Nf6 5. e5 Nd5 6. O-O Bg7 7. Re1 O-O 8. Bf1 d6 9. exd6 Qxd6 10. d3 Bf5 11. Nbd2 Rad8 12. Ne4 Bxe4 13. dxe4 Nc7 14. Bg5 Ne6 15. Bh4 Qf4 16. Qc2 Ne5 17. Nxe5 Qxh4 18. Nf3 Qf4 19. Rad1 h5 20. h3 h4 21. Rd5 Qc7 22. Nxh4 Nf4 23. Rdd1 c4 24. Nf3 b5 25. Nd4 Qc5 26. Nf3 Qh5 27. Re3 Bh6 28. Rxd8 Rxd8 29. Nd4 e5 30. Ne2 Nxg2 31. Kxg2 Bxe3 32. fxe3 Qg5+ 33. Kf2 Rd3 34. Qc1 Qh4+ 35. Ng3 f5 36. Bxd3 cxd3 37. exf5 gxf5 38. Kg2 f4 39. exf4 exf4 40. Nf1 Qg5+ 41. Kh2 Qe5 42. Qd2 Qe2+ 43. Kg1 f3 44. Qg5+ Kf7 45. Qf5+ Ke7 46. Qg5+ Ke6 47. Qg4+ Kd6 48. Qf4+ Kd5 49. Qd4+ Kc6 50. Qf6+ Kb7 51. Qf7+ Kb6 52. Qf6+ Ka5 53. Qd8+ Ka6 54. Qd6+ Kb7 55. Qd7+ Kb6 56. Qd6+ Ka5 57. Qa3+ Kb6 58. Qd6+ Kb7 59. Qd7+ Kb8 60. Qd8+ Kb7 61. Qd7+ 1/2-1/2


[Site "https://www.chess.com"]

[Event "Titled Tuesday Blitz June 20 Late 2023"]
[White "Delorme, Axel"]
[Black "Ashraf, Artin"]
[WhiteFideId "632023"]
[BlackFideId "22514805"]
[WhiteElo "2478"]
[BlackElo "2224"]
[Result "1-0"]
[Round "9"]
[TimeControl "180+2"]
[Date "2023.06.20"]
[WhiteClock "0:00:56"]
[BlackClock "0:00:00"]
[Board "42"]

1. e4 c5 2. Nf3 d6 3. Bb5+ Nd7 4. Ba4 Nf6 5. O-O a6 6. c4 g6 7. Nc3 Bg7 8. d3 O-O 9. h3 b6 10. Bg5 Bb7 11. Qd2 Ne5 12. Bd1 Nxf3+ 13. Bxf3 Nd7 14. Rab1 b5 15. cxb5 axb5 16. Nxb5 Ne5 17. Nc3 Nxf3+ 18. gxf3 Qd7 19. Kg2 f5 20. Bh6 e5 21. Qg5 f4 22. Bxg7 Kxg7 23. Kh2 Bc8 24. Qh4 Qf7 25. Rg1 Be6 26. a3 h6 27. Rg2 Kh7 28. Rbg1 Rg8 29. Nb5 Rad8 30. a4 Rd7 31. a5 Rg7 32. a6 Bb3 33. a7 Rg8 34. Rxg6 1-0


[Site "https://www.chess.com"]

[Event "Titled Tuesday Blitz June 20 Late 2023"]
[White "Mattheii"]
[Black "Koellner, Ruben Gideon"]
[BlackFideId "12993093"]
[WhiteElo "2504"]
[BlackElo "2314"]
[Result "1-0"]
[Round "9"]
[TimeControl "180+2"]
[Date "2023.06.20"]
[WhiteClock "0:00:24"]
[BlackClock "0:01:43"]
[Board "43"]

1. d4 d6 2. c4 e5 3. Nf3 e4 4. Ng5 f5 5. Nc3 Be7 6. Nh3 Nf6 7. Bg5 O-O 8. e3 c5 9. Be2 Nc6 10. O-O h6 11. Bxf6 Bxf6 12. dxc5 Bxc3 13. bxc3 dxc5 14. Nf4 g5 15. Nd5 Be6 16. Qa4 Rc8 17. Rad1 Qe8 18. Rd2 Kf7 19. Bh5+ Kg7 20. Bxe8 Rfxe8 21. Rb1 b6 22. f4 exf3 23. gxf3 Ne5 24. Qxa7+ Kf8 25. Rf2 Nxc4 26. Nxb6 Rb8 27. Nd7+ Bxd7 28. Rxb8 Nxe3 29. Rxe8+ Kxe8 30. Qb8+ Kf7 31. Qc7 Ke6 32. Re2 f4 33. Rxe3+ fxe3 34. Qxc5 Be8 35. Qxe3+ Kd7 36. Kf2 Bf7 37. a4 Be6 38. a5 Bd5 39. a6 Kc6 40. a7 Kb7 41. Qc5 Bc6 42. Qxc6+ Kxc6 43. a8=Q+ Kd6 44. Qh8 Ke6 45. Qxh6+ Kf5 46. Qh3+ g4 47. Qxg4+ Kf6 48. h4 Ke5 49. h5 Kf6 50. h6 Ke7 51. h7 Kf8 52. h8=Q+ Kf7 53. Qhh5+ Kf8 54. Qh6+ Ke7 55. Qgg7+ Kd8 56. Qhh8# 1-0


[Site "https://www.chess.com"]

[Event "Titled Tuesday Blitz June 20 Late 2023"]
[White "Nikologorsky, Matfei"]
[Black "ATM622"]
[WhiteFideId "24102474"]
[WhiteElo "2153"]
[BlackElo "2647"]
[Result "0-1"]
[Round "9"]
[TimeControl "180+2"]
[Date "2023.06.20"]
[WhiteClock "0:00:03"]
[BlackClock "0:00:50"]
[Board "44"]

1. e4 c6 2. d4 d5 3. Nc3 dxe4 4. Nxe4 Nf6 5. Nxf6+ exf6 6. c3 Bd6 7. Bd3 O-O 8. Ne2 Re8 9. O-O h6 10. Bf4 Qc7 11. Bxd6 Qxd6 12. Ng3 b6 13. Re1 Rxe1+ 14. Qxe1 Be6 15. Qe4 g6 16. Qh4 Kg7 17. f4 f5 18. Rd1 Nd7 19. Nf1 Nf6 20. Qf2 Re8 21. a3 b5 22. h3 Bc4 23. Bxc4 bxc4 24. Ne3 Ne4 25. Qf3 Qe6 26. Re1 c5 27. dxc5 Rc8 28. Kh2 Rxc5 29. Nc2 Qb6 30. Rxe4 fxe4 31. Qxe4 Rc7 32. Nd4 Qf6 33. f5 g5 34. Qd5 Re7 35. Qxc4 g4 36. Qd5 h5 37. b4 g3+ 38. Kxg3 Qg5+ 39. Kh2 Qf4+ 40. g3 Qd2+ 41. Qg2 Qxc3 42. f6+ Kxf6 43. Qf2+ Kg6 44. Qf5+ Kg7 45. Qg5+ Kf8 46. Qh6+ Ke8 47. Qh8+ Kd7 48. Nf5 Re2+ 49. Kg1 Qe1# 0-1


[Site "https://www.chess.com"]

[Event "Titled Tuesday Blitz June 20 Late 2023"]
[White "Schnaider, Ilan"]
[Black "Wang, Isaac"]
[WhiteFideId "169013"]
[BlackFideId "30977185"]
[WhiteElo "2224"]
[BlackElo "2438"]
[Result "1-0"]
[Round "9"]
[TimeControl "180+2"]
[Date "2023.06.20"]
[WhiteClock "0:01:31"]
[BlackClock "0:00:54"]
[Board "45"]

1. e4 c5 2. Nf3 d6 3. d4 cxd4 4. Qxd4 Nc6 5. Qe3 Nf6 6. Be2 g6 7. h3 Bg7 8. O-O O-O 9. Rd1 Qc7 10. Nc3 a6 11. a3 b5 12. Qf4 Bb7 13. Qh4 Rac8 14. Bh6 Ne5 15. Bxg7 Kxg7 16. Nd4 Nc4 17. Bxc4 Qxc4 18. Rd3 Kh8 19. Rad1 a5 20. Ndxb5 Rb8 21. Nxd6 Qe6 22. Ndb5 Ba6 23. Nc7 Qc6 24. Nxa6 Qxa6 25. e5 Nh5 26. Qxe7 Kg8 27. Rd8 Rbxd8 28. Rxd8 Rxd8 29. Qxd8+ Kg7 30. Qd4 h6 31. e6+ Kf8 32. Qd8+ Kg7 33. e7 Nf6 34. e8=Q Nxe8 35. Qxe8 Qd6 36. Qe3 g5 37. Ne4 Qd5 38. Qc3+ Kg6 39. Qf6+ Kh7 40. Nd6 Kg8 41. Qxf7+ Qxf7 42. Nxf7 Kxf7 43. Kf1 Ke6 44. Ke2 Kd5 45. Kd3 Kc5 46. Kc3 a4 47. b3 axb3 48. cxb3 h5 49. Kd3 g4 50. hxg4 hxg4 51. Ke4 Kb5 52. Kf4 Kc5 53. Kxg4 Kd4 54. Kh5 Kc3 55. g4 Kxb3 56. g5 Kxa3 57. g6 Kb4 58. Kh6 Kc5 59. Kh7 Kb6 60. g7 Ka7 61. g8=Q Kb7 62. f4 Ka7 63. f5 Kb7 64. f6 Ka7 65. f7 Kb7 66. f8=Q Ka7 67. Qff7+ Kb6 68. Qgg6+ Ka5 69. Qff5+ Kb4 70. Qgg4+ Ka3 71. Qff3+ Kb2 72. Qgg2+ Ka1 73. Qff1# 1-0


[Site "https://www.chess.com"]

[Event "Titled Tuesday Blitz June 20 Late 2023"]
[White "Lewtak, Damian"]
[Black "Taranenko, Evgueniy"]
[WhiteFideId "1141724"]
[BlackFideId "14122138"]
[WhiteElo "2302"]
[BlackElo "2101"]
[Result "1-0"]
[Round "9"]
[TimeControl "180+2"]
[Date "2023.06.20"]
[WhiteClock "0:00:37"]
[BlackClock "0:00:40"]
[Board "46"]

1. e4 e6 2. Nf3 d5 3. exd5 exd5 4. d4 Bd6 5. c4 dxc4 6. Bxc4 Nf6 7. O-O O-O 8. h3 Nc6 9. Nc3 Bf5 10. Re1 h6 11. Ne5 Bxe5 12. dxe5 Qxd1 13. Nxd1 Rfe8 14. f4 Be6 15. Bf1 Nd5 16. Ne3 Nxf4 17. Bd2 Nxe5 18. Bc3 Nfg6 19. Nc2 Bf5 20. Nd4 Bd3 21. Nb5 Bxb5 22. Bxb5 c6 23. Bf1 Rad8 24. a4 f6 25. a5 Nf4 26. Ra4 Nd5 27. Bd4 Nf3+ 28. gxf3 Rxe1 29. Bxa7 Ne3 30. Bxe3 Rxe3 31. Kf2 Rb3 32. Bc4+ Kh8 33. Bxb3 Rd2+ 34. Ke3 Rxb2 35. Rb4 c5 36. Rxb7 c4 37. a6 cxb3 38. a7 Ra2 39. Rb8+ Kh7 40. a8=Q Rxa8 41. Rxa8 1-0


[Site "https://www.chess.com"]

[Event "Titled Tuesday Blitz June 20 Late 2023"]
[White "Turayev, Shahruh"]
[Black "Pinero Rodriguez, Carlos Jose"]
[WhiteFideId "14003856"]
[BlackFideId "3901726"]
[WhiteElo "2113"]
[BlackElo "2146"]
[Result "1-0"]
[Round "9"]
[TimeControl "180+2"]
[Date "2023.06.20"]
[WhiteClock "0:00:25"]
[BlackClock "0:00:34"]
[Board "47"]

1. e4 c5 2. Nc3 e6 3. g3 a6 4. a4 Nc6 5. Bg2 Nf6 6. d3 d5 7. exd5 exd5 8. Nge2 h6 9. Nf4 d4 10. Ncd5 Nxd5 11. Nxd5 Be6 12. Nf4 Bd7 13. O-O Be7 14. Nd5 O-O 15. Bf4 Bg5 16. Bd6 Re8 17. Nc7 Rc8 18. Nxe8 Bxe8 19. Bxc5 Qa5 20. Bd6 Rd8 21. Ba3 Bf6 22. Re1 Rc8 23. Qg4 Rd8 24. b3 h5 25. Qf3 Qc7 26. h3 b5 27. axb5 axb5 28. Qxh5 b4 29. Bc1 g6 30. Qf3 Be5 31. Bf4 Bxf4 32. Qxf4 Qb6 33. Qf6 Bd7 34. Re7 1-0


[Site "https://www.chess.com"]

[Event "Titled Tuesday Blitz June 20 Late 2023"]
[White "Zhigalko, Sergei"]
[Black "MKlose11"]
[WhiteFideId "13502956"]
[WhiteElo "2626"]
[BlackElo "2585"]
[Result "1-0"]
[Round "9"]
[TimeControl "180+2"]
[Date "2023.06.20"]
[WhiteClock "0:01:23"]
[BlackClock "0:00:46"]
[Board "48"]

1. e4 e6 2. d4 d5 3. e5 c5 4. c3 Bd7 5. Nf3 Nc6 6. Be2 Be7 7. O-O f6 8. Re1 fxe5 9. Nxe5 Nxe5 10. dxe5 Bg5 11. Bd3 Bxc1 12. Qh5+ Kf8 13. Rxc1 Ne7 14. Nd2 g6 15. Qh6+ Kg8 16. b4 b6 17. bxc5 bxc5 18. Rab1 Qf8 19. Qh4 c4 20. Bc2 Bc6 21. Nf3 Nf5 22. Bxf5 exf5 23. Nd4 Rc8 24. Nxc6 Rxc6 25. Rb7 Re6 26. Qd4 Qd8 27. Rcb1 1-0


[Site "https://www.chess.com"]

[Event "Titled Tuesday Blitz June 20 Late 2023"]
[White "Haydon, David L"]
[Black "Banzea, Alexandru-Bogdan"]
[WhiteFideId "415405"]
[BlackFideId "1232622"]
[WhiteElo "2326"]
[BlackElo "2294"]
[Result "1-0"]
[Round "9"]
[TimeControl "180+2"]
[Date "2023.06.20"]
[WhiteClock "0:00:56"]
[BlackClock "0:00:00"]
[Board "49"]

1. c4 c6 2. Nf3 d5 3. cxd5 cxd5 4. g3 Nf6 5. Bg2 Nc6 6. d4 Bf5 7. O-O e6 8. Nc3 h6 9. Bf4 Be7 10. Rc1 O-O 11. Ne5 Rc8 12. Qd2 Bh7 13. Nxc6 Rxc6 14. Na4 Ne4 15. Bxe4 Bxe4 16. Rxc6 bxc6 17. Rc1 Qd7 18. f3 Bg6 19. Nc5 Bxc5 20. Rxc5 f6 21. b3 Be8 22. Ra5 g5 23. Be3 e5 24. dxe5 fxe5 25. Rxa7 Qf5 26. g4 Qb1+ 27. Kg2 Qg6 28. Bc5 Rf7 29. Ra8 Rf4 30. Bf2 e4 31. Bg3 exf3+ 32. exf3 Rf8 33. Rd8 Qf6 34. Rd6 Qxf3+ 35. Kh3 Rf4 36. Qe1 Qxg4+ 37. Kg2 Re4 38. Qf1 Re2+ 39. Kg1 Qd4+ 40. Bf2 Qe4 41. Rxh6 Bf7 42. Rf6 1-0


[Site "https://www.chess.com"]

[Event "Titled Tuesday Blitz June 20 Late 2023"]
[White "Sreyas Payyappat"]
[Black "Goryachkina, Aleksandra"]
[WhiteFideId "46674969"]
[BlackFideId "4147103"]
[WhiteElo "2043"]
[BlackElo "2471"]
[Result "0-1"]
[Round "9"]
[TimeControl "180+2"]
[Date "2023.06.20"]
[WhiteClock "0:00:03"]
[BlackClock "0:00:11"]
[Board "50"]

1. e4 c6 2. d4 d5 3. Nc3 dxe4 4. Nxe4 Nf6 5. Nxf6+ exf6 6. Bc4 Bd6 7. Qe2+ Be7 8. Nf3 O-O 9. O-O Bg4 10. Re1 Bd6 11. h3 Bh5 12. g4 Bg6 13. Nh4 Qc7 14. c3 Nd7 15. Ng2 f5 16. f4 Nf6 17. Bd2 Qd7 18. g5 Bh5 19. Qd3 Ne4 20. Re3 Rae8 21. Rae1 Re7 22. Bc1 Rfe8 23. Qc2 Qc7 24. Kh1 a6 25. Bd3 c5 26. Bxe4 fxe4 27. Rxe4 Bf3 28. Rxe7 Rxe7 29. Rxe7 Qxe7 30. Qf2 Qe4 31. Kg1 b6 32. Bd2 g6 33. Ne1 Bh5 34. Qe3 Qb1 35. Qe8+ Bf8 36. b3 Qxa2 37. Qe3 Qxb3 38. Nd3 Qd1+ 39. Kf2 cxd4 40. cxd4 Qc2 41. Ne5 Bb4 42. Nd7 Qxd2+ 43. Qxd2 Bxd2 44. Nxb6 Kf8 45. Kg3 Ke7 46. d5 Be1+ 47. Kg2 Kd6 48. Kf1 Bb4 49. Kf2 Bc5+ 50. Kg3 Bxb6 51. Kh4 Bf2# 0-1


[Site "https://www.chess.com"]

[Event "Titled Tuesday Blitz June 20 Late 2023"]
[White "WindWhistler11"]
[Black "Katz, Alexander"]
[BlackFideId "2039796"]
[WhiteElo "2555"]
[BlackElo "2389"]
[Result "1-0"]
[Round "9"]
[TimeControl "180+2"]
[Date "2023.06.20"]
[WhiteClock "0:00:13"]
[BlackClock "0:00:07"]
[Board "51"]

1. Nf3 d5 2. c4 dxc4 3. Qa4+ Nc6 4. Qxc4 e5 5. g3 Be6 6. Qa4 Bd6 7. Bg2 Nf6 8. O-O O-O 9. Nc3 a6 10. a3 b5 11. Qc2 Rc8 12. e3 b4 13. Ne4 Nxe4 14. Qxc6 Nc5 15. axb4 Nd3 16. Qxa6 Nxb4 17. Qe2 e4 18. Nd4 Bd5 19. f3 c5 20. Nf5 exf3 21. Bxf3 Bxf3 22. Qxf3 Be5 23. Ra7 Rc7 24. Rxc7 Qxc7 25. d4 Bf6 26. Nh6+ Kh8 27. Ng4 Be7 28. d5 f5 29. Nf2 Qe5 30. e4 fxe4 31. Qxe4 Qxe4 32. Nxe4 Rxf1+ 33. Kxf1 Nxd5 34. Ke2 c4 35. Kd2 Bb4+ 36. Kc2 Kg8 37. Bd2 Be7 38. Bg5 Bxg5 39. Nxg5 Ne3+ 40. Kc3 h6 41. Nf3 g5 42. Ne5 Nf1 43. Kxc4 Nxh2 44. b4 Nf1 45. b5 Nxg3 46. b6 Ne4 47. Kd5 Nf6+ 48. Kc6 h5 49. b7 g4 50. b8=Q+ Kg7 51. Qc7+ Kh6 52. Qf7 Kg5 53. Qg6+ Kf4 54. Qxf6+ Ke4 55. Ng6 g3 56. Qf4+ 1-0


[Site "https://www.chess.com"]

[Event "Titled Tuesday Blitz June 20 Late 2023"]
[White "Adewumi, Tanitoluwa"]
[Black "ElDivis"]
[WhiteFideId "30966396"]
[WhiteElo "2663"]
[BlackElo "2540"]
[Result "1-0"]
[Round "9"]
[TimeControl "180+2"]
[Date "2023.06.20"]
[WhiteClock "0:00:03"]
[BlackClock "0:00:00"]
[Board "52"]

1. e4 c5 2. Nf3 d6 3. Bb5+ Bd7 4. Bxd7+ Nxd7 5. O-O Ngf6 6. Qe2 e6 7. c3 Be7 8. d4 cxd4 9. cxd4 d5 10. e5 Ne4 11. Be3 Qb6 12. Ne1 h6 13. f3 Ng5 14. Nd3 O-O 15. Nc3 Rac8 16. Rac1 Nh7 17. f4 f5 18. exf6 Nhxf6 19. f5 Rce8 20. fxe6 Qxe6 21. Nf4 Qf7 22. Nfxd5 Bd6 23. Nxf6+ Nxf6 24. h3 Bb8 25. Qf3 Qg6 26. Rce1 Ne4 27. Qg4 Qd6 28. Bf4 Qxd4+ 29. Kh2 Rxf4 30. Rxf4 Qf2 31. Rxe4 Rxe4 32. Nxe4 Bxf4+ 33. Ng3 h5 34. Qe6+ Kh8 35. Qe8+ Kh7 36. Qxh5+ Kg8 37. Qd5+ Kh7 38. Qe4+ Kg8 39. Qf3 Bxg3+ 40. Qxg3 Qxb2 41. Qb8+ Kh7 42. Qxa7 Qe5+ 43. Kg1 Qe1+ 44. Kh2 Qe5+ 45. g3 Qe2+ 46. Kg1 Qd1+ 47. Kg2 Qc2+ 48. Qf2 Qe4+ 49. Qf3 Qc2+ 50. Qf2 Qe4+ 51. Kh2 Kg8 52. g4 Qe5+ 53. Kg2 Qd5+ 54. Kg3 Qe5+ 55. Qf4 Qc3+ 56. Kh4 Qc8 57. Qf5 Qd8+ 58. g5 Qd4+ 59. Qg4 Qf2+ 60. Kh5 Qf7+ 61. Kh4 Qf2+ 62. Qg3 Qd4+ 63. Kh5 Qd7 64. Qb3+ 1-0


[Site "https://www.chess.com"]

[Event "Titled Tuesday Blitz June 20 Late 2023"]
[White "Manukyan, Sargis A."]
[Black "Ortega Amarelle, Mariano"]
[WhiteFideId "13303970"]
[BlackFideId "3504301"]
[WhiteElo "2187"]
[BlackElo "2392"]
[Result "0-1"]
[Round "9"]
[TimeControl "180+2"]
[Date "2023.06.20"]
[WhiteClock "0:01:15"]
[BlackClock "0:00:49"]
[Board "53"]

1. d4 d5 2. c4 c6 3. Nc3 Nf6 4. e3 Bf5 5. cxd5 cxd5 6. Qb3 Nc6 7. Qxb7 Bd7 8. Qb3 Rb8 9. Qd1 e5 10. dxe5 Nxe5 11. Be2 Bd6 12. Nf3 O-O 13. O-O Qe7 14. g3 Bh3 15. Re1 Rfd8 16. Nxe5 Bxe5 17. Bf1 Bxf1 18. Rxf1 Bxc3 19. b3 Bxa1 20. Bd2 Be5 21. h4 h5 22. Kg2 d4 23. e4 Nxe4 24. Ba5 Nc3 25. Qxh5 Rd5 26. Bxc3 dxc3 27. f4 Rd2+ 28. Kh3 Qd7+ 29. f5 Bf6 30. b4 Qd5 31. Rg1 c2 32. b5 Rd1 33. b6 axb6 34. a4 Rxg1 35. a5 Rh1+ 36. Kg4 Qd1+ 37. Kf4 Qxh5 38. g4 Qxg4+ 39. Kxg4 Rxh4+ 40. Kg3 bxa5 41. Kf3 Rb3+ 42. Kg2 Rd4 43. Kf1 Rd2 44. Ke1 c1=Q# 0-1


[Site "https://www.chess.com"]

[Event "Titled Tuesday Blitz June 20 Late 2023"]
[White "Novikov, Evgenij"]
[Black "Jaskolka, Tomasz"]
[WhiteFideId "4125380"]
[BlackFideId "1170791"]
[WhiteElo "2242"]
[BlackElo "2155"]
[Result "0-1"]
[Round "9"]
[TimeControl "180+2"]
[Date "2023.06.20"]
[WhiteClock "0:00:19"]
[BlackClock "0:00:06"]
[Board "54"]

1. d4 d5 2. c4 e5 3. dxe5 d4 4. Nf3 Nc6 5. Nbd2 Nge7 6. g3 Ng6 7. Bg2 Bf5 8. Nb3 d3 9. O-O dxe2 10. Qxe2 Bd3 11. Qe3 Bxf1 12. Bxf1 Be7 13. Bd2 O-O 14. Rd1 Re8 15. Bc3 Qxd1 16. h4 Bb4 17. h5 Bxc3 18. hxg6 Nxe5 19. gxf7+ Nxf7 20. Qxc3 Rad8 21. Nbd4 Rxd4 22. Nxd4 Re1 23. Nf5 Ne5 24. Ne3 Nf3+ 25. Kg2 Qd4 26. Kxf3 Qxc3 27. bxc3 Rc1 28. Nd5 Rxf1 29. Nxc7 Rc1 30. Nd5 Kf7 31. Ke3 Rc2 32. Nb4 Rxc3+ 33. Kd4 Ra3 34. c5 a5 35. c6 bxc6 36. Nxc6 Rxa2 37. f4 Rg2 38. g4 Ke6 39. f5+ Kd6 40. Ne5 Rd2+ 41. Ke3 Kxe5 42. Kxd2 Kf4 0-1


[Site "https://www.chess.com"]

[Event "Titled Tuesday Blitz June 20 Late 2023"]
[White "Fishbein, Alexander"]
[Black "Berezin, Viktor"]
[WhiteFideId "2000377"]
[BlackFideId "14107872"]
[WhiteElo "2403"]
[BlackElo "2310"]
[Result "1-0"]
[Round "9"]
[TimeControl "180+2"]
[Date "2023.06.20"]
[WhiteClock "0:01:34"]
[BlackClock "0:00:24"]
[Board "55"]

1. e4 g6 2. d4 Bg7 3. Nf3 d6 4. c3 Nf6 5. Bb5+ c6 6. Bd3 O-O 7. O-O Nbd7 8. Nbd2 e5 9. Re1 Qc7 10. a4 a5 11. Nc4 Rd8 12. Qc2 Nh5 13. Bg5 Re8 14. Rad1 Nf4 15. Bxf4 exf4 16. Qd2 Bh6 17. e5 dxe5 18. Nfxe5 Nxe5 19. dxe5 Be6 20. Nd6 Red8 21. Qe2 Bd5 22. Bc4 f3 23. gxf3 Bxc4 24. Qxc4 Qe7 25. e6 f5 26. Nf7 Rxd1 27. Rxd1 Bf8 28. Rd7 Qc5 29. Nh6+ Kh8 30. Qxc5 Bxc5 31. e7 Re8 32. Rd8 1-0


[Site "https://www.chess.com"]

[Event "Titled Tuesday Blitz June 20 Late 2023"]
[White "Uzcategui Rodriguez, Alejandro"]
[Black "Piesik, Piotr"]
[WhiteFideId "3903400"]
[BlackFideId "1136194"]
[WhiteElo "2252"]
[BlackElo "2303"]
[Result "0-1"]
[Round "9"]
[TimeControl "180+2"]
[Date "2023.06.20"]
[WhiteClock "0:00:19"]
[BlackClock "0:00:52"]
[Board "56"]

1. d4 c5 2. c3 Nf6 3. Nf3 d5 4. Bg5 Ne4 5. Be3 e6 6. g3 Nc6 7. Bg2 Be7 8. Nbd2 cxd4 9. Nxd4 Nxd2 10. Qxd2 O-O 11. O-O Ne5 12. Nf3 Nc4 13. Qc1 Nxe3 14. Qxe3 b6 15. Rfd1 Qc7 16. Rac1 Ba6 17. Ne5 Bc5 18. Rd4 Rac8 19. Rcd1 Bxd4 20. Qxd4 Bxe2 21. Re1 Ba6 22. h4 Rfe8 23. h5 h6 24. g4 Qc5 25. Qf4 f6 26. Ng6 Bd3 27. Nh4 Qc4 28. Qg3 Be4 29. Bf1 Qc7 30. Qe3 Bh7 31. Bg2 Rcd8 32. Rd1 Qc5 33. Qd2 Rd6 34. Nf3 Be4 35. Qf4 e5 36. Qd2 Red8 37. Nh4 Bxg2 38. Kxg2 Qc4 39. f3 e4 40. Nf5 exf3+ 41. Kg3 Re6 42. Nxh6+ gxh6 43. Qxh6 Qe4 44. Rd4 Qe5+ 45. Rf4 Qg5 46. Qxg5+ fxg5 47. Rxf3 Rde8 48. Rf5 Re5 49. Rf6 R8e6 50. Rf2 Re3+ 51. Kg2 Re2 52. Kf1 Rxf2+ 53. Kxf2 Re4 54. Kf3 Kf7 55. b3 b5 56. c4 bxc4 57. bxc4 Rxc4 58. Ke3 Kf6 59. Kd3 Ke5 60. Ke3 Rxg4 61. Kd3 Rg3+ 62. Kd2 Rh3 63. Ke2 Ke4 64. Kf2 g4 65. Kg2 d4 66. h6 d3 67. h7 Rxh7 68. Kg3 d2 69. Kf2 d1=Q 70. Kg3 Qf3# 0-1


[Site "https://www.chess.com"]

[Event "Titled Tuesday Blitz June 20 Late 2023"]
[White "Howell, David W L"]
[Black "Liu, Casper"]
[WhiteFideId "410608"]
[BlackFideId "1454153"]
[WhiteElo "2567"]
[BlackElo "2221"]
[Result "1-0"]
[Round "9"]
[TimeControl "180+2"]
[Date "2023.06.20"]
[WhiteClock "0:00:03"]
[BlackClock "0:00:00"]
[Board "57"]

1. d4 d5 2. Bf4 Nf6 3. e3 e6 4. Nf3 Bd6 5. Bg3 O-O 6. c3 c5 7. Nbd2 Qc7 8. a4 Nbd7 9. a5 e5 10. dxe5 Nxe5 11. Nxe5 Bxe5 12. Be2 Bf5 13. O-O Bxg3 14. hxg3 Rad8 15. Qa4 a6 16. Rfd1 Rfe8 17. Bf3 Bd3 18. Nb3 Be4 19. Qa3 Rc8 20. Rd2 c4 21. Nd4 Bd3 22. Rad1 Qe5 23. Qb4 Rc7 24. Qb6 Rce7 25. Rxd3 cxd3 26. Rxd3 Qc7 27. Qb4 Ne4 28. Ne2 Qc4 29. Qxc4 dxc4 30. Rd4 Re5 31. Nf4 f5 32. Nd5 Kf7 33. Be2 Nd6 34. Nc7 Rd8 35. Bxc4+ Ke7 36. Nd5+ Kd7 37. Bb3 Kc8 38. Kf1 Nb5 39. Nb6+ Kc7 40. Rc4+ Kb8 41. Ke2 Nd6 42. Rd4 Nf7 43. Bxf7 Rxd4 44. cxd4 Rxa5 45. Nc4 Rb5 46. Kd3 a5 47. Kc3 a4 48. Kc2 Rb4 49. Nd6 Rb6 50. Nc4 Rb5 51. Be8 Rd5 52. Bxa4 b5 53. Nb6 Rd6 54. Bxb5 Rxb6 55. Bd3 g6 56. Kc3 Rc6+ 57. Bc4 Kc7 58. b4 Rb6 59. b5 Kd6 60. Kd3 h6 61. Ke2 g5 62. Kf3 Rb8 63. g4 Rc8 64. Bd3 fxg4+ 65. Kxg4 Rc3 66. Be4 Rb3 67. Bc6 Rb2 68. Kg3 Rc2 69. e4 Rd2 70. d5 Rb2 71. f3 Ke5 72. Kh3 Kf4 73. d6 Rd2 74. d7 Rd1 75. g3+ Kxf3 76. e5+ Kf2 77. e6 h5 78. e7 1-0


[Site "https://www.chess.com"]

[Event "Titled Tuesday Blitz June 20 Late 2023"]
[White "Ansh M Shah"]
[Black "Avila Pavas, Santiago"]
[WhiteFideId "25033379"]
[BlackFideId "4437128"]
[WhiteElo "2084"]
[BlackElo "2449"]
[Result "0-1"]
[Round "9"]
[TimeControl "180+2"]
[Date "2023.06.20"]
[WhiteClock "0:00:20"]
[BlackClock "0:01:10"]
[Board "58"]

1. d4 Nf6 2. c4 c5 3. d5 b5 4. cxb5 a6 5. e3 e6 6. Nc3 Bb7 7. bxa6 Nxa6 8. dxe6 fxe6 9. Nf3 Be7 10. Bb5 O-O 11. O-O d5 12. b3 Nc7 13. Be2 Bd6 14. Bb2 e5 15. Nb5 Nxb5 16. Bxb5 e4 17. Nd2 Bc8 18. f4 exf3 19. Nxf3 Bb7 20. Ng5 Qe7 21. Bxf6 Qxe3+ 22. Kh1 gxf6 23. Nh3 d4 24. Qg4+ Kh8 25. Rae1 Rg8 26. Qxg8+ Rxg8 27. Rxe3 Bxg2+ 28. Kg1 Bxh3+ 29. Rg3 Bxg3 30. hxg3 Bxf1 31. Kxf1 Rxg3 32. Bc4 h5 33. a4 h4 34. a5 h3 35. a6 h2 36. Bd5 Rg1+ 37. Kf2 h1=Q 38. Bxh1 Rxh1 39. a7 Ra1 40. Ke2 Rxa7 41. Kd3 Re7 42. Kc4 Re5 43. b4 cxb4 44. Kxd4 b3 45. Kc3 Rb5 46. Kb2 f5 47. Kb1 b2 48. Kc2 b1=Q+ 49. Kc3 Qb3+ 50. Kd4 Rd5# 0-1


[Site "https://www.chess.com"]

[Event "Titled Tuesday Blitz June 20 Late 2023"]
[White "Pan, Kevin"]
[Black "Ghazarian, Kirk"]
[WhiteFideId "30915708"]
[BlackFideId "30908604"]
[WhiteElo "2233"]
[BlackElo "2346"]
[Result "0-1"]
[Round "9"]
[TimeControl "180+2"]
[Date "2023.06.20"]
[WhiteClock "0:00:02"]
[BlackClock "0:00:53"]
[Board "59"]

1. e4 c5 2. Nc3 a6 3. g3 b5 4. Bg2 Bb7 5. a3 e6 6. d3 Nf6 7. f4 Be7 8. Nf3 O-O 9. O-O d5 10. e5 Nfd7 11. Ne2 Nc6 12. c3 a5 13. d4 b4 14. Be3 bxc3 15. Nxc3 Ba6 16. Rf2 Rb8 17. Rc1 Bc4 18. g4 cxd4 19. Nxd4 Nxd4 20. Bxd4 Nc5 21. f5 Nd3 22. f6 gxf6 23. exf6 Bd6 24. Qd2 Kh8 25. Rf3 Nxc1 26. Qh6 Rg8 27. Rh3 Bd3 28. Be4 Rxg4+ 29. Kh1 Qg8 30. Qg7+ Rxg7 31. fxg7+ Qxg7 32. Rxh7+ Kg8 33. Rxg7+ Kf8 34. Bh7 Bxh7 35. Rxh7 Ke7 36. Rh3 Nb3 37. Bf2 Nd2 38. Bh4+ Kd7 39. Re3 Rxb2 40. Re2 Nc4 41. Rxb2 Nxb2 42. Kg2 Bxa3 43. Bf6 Be7 44. h4 Bxf6 0-1


[Site "https://www.chess.com"]

[Event "Titled Tuesday Blitz June 20 Late 2023"]
[White "Cuenca Jimenez, Jose Fernando"]
[Black "Krishnakumar, Sriram"]
[WhiteFideId "2255570"]
[BlackFideId "30915856"]
[WhiteElo "2418"]
[BlackElo "2460"]
[Result "1-0"]
[Round "9"]
[TimeControl "180+2"]
[Date "2023.06.20"]
[WhiteClock "0:01:01"]
[BlackClock "0:00:35"]
[Board "60"]

1. c4 c6 2. e4 d5 3. exd5 cxd5 4. cxd5 Nf6 5. Nc3 g6 6. Bc4 Bg7 7. Nf3 O-O 8. O-O Nbd7 9. d3 Nb6 10. Qb3 Bg4 11. Ne5 Rc8 12. Re1 Bf5 13. Bg5 h6 14. Bh4 g5 15. Bg3 Nh5 16. Rac1 Nxg3 17. hxg3 Qd6 18. Nb5 Qb8 19. Nd4 Bh7 20. Ndf3 h5 21. d6 e6 22. Bxe6 fxe6 23. Qxe6+ Kh8 24. Nxg5 Bg8 25. Ng6# 1-0


[Site "https://www.chess.com"]